AoeStats
← valjashestero

Nomad

503435117Analyzed
2v2 RM · 1mo ago on Aug 31, 2026· 24m 49s· 4 players
Game mode
Random Map
Map size
176×176
Population
200
Speed
Normal
Resources
Standard
Victory
Conquest
Starting age
Dark Age
Ending age
Imperial Age
RankedLock teamsTeams togetherTeam positionsShared explorationLock speedFull tech treeHidden civsTurbo modeCheats
Victory
Defeat
🇪🇪 Tupi · Estonia
1063
+13
🇪🇪 Persians · Estonia
999
+16
🇪🇸 Persians · Spain
1000
-44
🇻🇪 Britons · Venezuela
1000
-44
mejor_luis1
12:59 Feudal Age
14:15 Fishing Lines
15:56 Double-Bit Axe
15:56 Horse Collar
24:33 Castle Age
InmoJM
AoEE.Karhanin
5:00 Loom
13:10 Feudal Age
14:45 Town Watch
17:27 Castle Age
15:37 Double-Bit Axe
15:52 Horse Collar
16:19 Fishing Lines
16:57 Stone Mining
19:08 Bow Saw
19:42 Fletching
21:42 Gillnets
22:42 Bodkin Arrow
24:27 Wheelbarrow
24:54 Padded Archer Armor
valjashestero
5:16 Loom
13:18 Feudal Age
16:35 Double-Bit Axe
19:36 Castle Age
18:51 Scale Barding Armor
18:57 Forging
23:28 Husbandry
25:09 Chain Barding Armor
Connection lost

Rejoining the realm…

Still unreachable

The connection could not be restored.

Session expired

The server has moved on; the page needs a fresh start.